 Dungeon Crawl Stone Soup version 0.18.1-2-ga659475 (webtiles) character file.

15124 Hipnos the Bewitcher (level 11, -7/51 HPs)
             Began as a Spriggan Enchanter on May 8, 2016.
             Was a High Priest of Ashenzari.
             Engulfed by a cloud of flame (20 damage)
             ... in a volcano.
             The game lasted 00:56:23 (10241 turns).

Hipnos the Bewitcher (Spriggan Enchanter)          Turns: 10241, Time: 00:56:24

Health: -7/51      AC: 13    Str:  4    XL:     11   Next: 97%
Magic:  25/35      EV: 26    Int: 21    God:    Ashenzari [*****.]
Gold:   787        SH:  7    Dex: 16    Spells: 4 memorised, 21 levels left

rFire  . . .     SeeInvis +     p - +5 dagger (protect) (curse)
rCold  . . .     Gourm    .     b - +2 robe
rNeg   . . .     Faith    +     o - +0 buckler
rPois  .         Spirit   .     P - +1 hat
rElec  .         Dismiss  .     m - +2 cloak (curse)
rCorr  .         Reflect  .     (gloves unavailable)
SustAt .         Harm     .     (boots unavailable)
MR     +....     Clarity  +     j - amulet of faith
Stlth  +++.......               u - +1 ring of evasion
                                f - ring of magical power (curse)

@: very quick, somewhat resistant to hostile enchantments, fairly stealthy
A: unfitting armour, see invisible, herbivore 3, speed 3, slow metabolism 2
a: Curse Item, Scrying, Transfer Knowledge, Renounce Religion


You were in a volcano.
You worshipped Ashenzari.
Ashenzari was extremely pleased with you.
You were not hungry.

You visited 2 branches of the dungeon, and saw 11 of its levels.
You also visited: Volcano.

You collected 787 gold pieces.

Inventory:

Hand Weapons
 a - a +2 dagger
 p - a cursed +5 dagger of protection (weapon)
Armour
 b - a +2 robe (worn)
 m - a cursed +2 cloak (worn)
 o - a +0 buckler (worn)
 w - the -4 buckler of the Republic {rPois rF++ rCorr Slay-3}
   (You found it on level 4 of the Dungeon)

   It affects your accuracy and damage with ranged weapons and melee attacks
   (-3).
   It greatly protects you from fire.
   It protects you from poison.
   It protects you from acid and corrosion.
 P - a +1 hat (worn)
 S - a +1 robe of fire resistance
 T - a +2 robe of fire resistance
Jewellery
 f - a cursed ring of magical power (left hand)
 j - an amulet of faith (around neck)
 r - an uncursed amulet of harm
 u - a +1 ring of evasion (right hand)
 B - an uncursed ring of sustain attributes
 E - a +3 ring of dexterity
 M - an uncursed ring of fire
Wands
 t - a wand of random effects (23/48)
 I - a wand of flame (21/48)
 N - a wand of confusion (22/48)
Scrolls
 e - a scroll of remove curse
 h - 4 scrolls of magic mapping
 k - 3 scrolls of identify
 x - 5 scrolls of teleportation
 A - 3 scrolls of amnesia
 D - a scroll of holy word
 F - 2 scrolls of blinking
 H - a scroll of recharging
 K - 3 scrolls of immolation
 R - a scroll of random uselessness {unknown}
Potions
 d - 4 potions of haste
 g - 2 potions of cancellation
 i - 2 potions of flight
 q - 2 potions of lignification
 s - 3 potions of curing
 v - 6 potions of degeneration
 z - 4 potions of agility
 G - a potion of magic
 J - 3 potions of might
 O - a potion of invisibility
 U - a potion of berserk rage {unknown}
Books
 c - a book of Maledictions

   Spells                             Type                      Level
   a - Corona                         Hexes                        1
   b - Ensorcelled Hibernation        Hexes/Ice                    2
   c - Confuse                        Hexes                        3
   d - Tukima's Dance                 Hexes                        3
   e - Dazzling Spray                 Conjuration/Hexes            3
 l - a book of Burglary

   Spells                             Type                      Level
   a - Swiftness                      Charms/Air                   2
   b - Passwall                       Transmutation/Earth          2
   c - Passage of Golubria            Translocation                4
   d - Lee's Rapid Deconstruction     Earth                        5
   e - Darkness                       Hexes                        6
   f - Invisibility                   Hexes                        6
 y - a book of Geomancy

   Spells                             Type                      Level
   a - Sandblast                      Earth                        1
   b - Passwall                       Transmutation/Earth          2
   c - Stone Arrow                    Conjuration/Earth            3
   d - Petrify                        Transmutation/Earth          4
   e - Lee's Rapid Deconstruction     Earth                        5
 L - a book of the Earth

   Spells                             Type                      Level
   a - Leda's Liquefaction            Hexes/Earth                  4
   b - Bolt of Magma                  Conjuration/Fire/Earth       5
   c - Statue Form                    Transmutation/Earth          6
   d - Iron Shot                      Conjuration/Earth            6
   e - Shatter                        Earth                        9
Miscellaneous
 Q - a plain deck of defence
Comestibles
 n - 5 bread rations
 C - 5 fruits


   Skills:
 + Level 2.7 Fighting
 - Level 5.0(9.0) Short Blades
 + Level 10.2 Dodging
 - Level 5.0 Stealth
 + Level 3.8 Shields
 + Level 10.1 Spellcasting
 * Level 16.3 Hexes


You had 21 spell levels left.
You knew the following spells:

 Your Spells              Type           Power        Failure   Level  Hunger
a - Corona                Hex            ######.      0%          1    None
b - Ensorcelled Hibernat  Hex/Ice        #####.       1%          2    None
c - Confuse               Hex            ######..     1%          3    None
d - Dazzling Spray        Conj/Hex       #####...     1%          3    None


Dungeon Overview and Level Annotations

Branches:
Dungeon (8/15)             Temple (0/1) D:6            Lair (3/8) D:8
  Swamp: Lair:3-6    Shoals: Lair:3-6     Snake: Lair:3-6    Spider: Lair:3-6

Altars:
Ashenzari
Dithmenos
Makhleb
Pakellas
Qazlal
Vehumet
Zin

Shops:
D:5 *   D:6 *


Innate Abilities, Weirdness & Mutations

You are tiny and cannot use many weapons and most armour.
You have supernaturally acute eyesight.
You are a herbivore.
You cover ground extremely quickly.
You need consume almost no food.


Message History

There is an open door here.
There is an open door here.
There is an open door here.
The air gets thick with the scent of sulphur.
In the distance, the volcano erupts with a roar.
You are engulfed in roaring flames.
You are engulfed in roaring flames.
There is an open door here.
Uncurse which item? (? for menu, Esc to quit)
As you read the scroll of remove curse, it crumbles to dust.
Uncurse which item? (? for menu, Esc to quit)
Okay, then.
You are not bound in armour.
You are slightly bound.
You are engulfed in roaring flames.
You are engulfed in roaring flames.
Keep disrobing?
* * * LOW HITPOINT WARNING * * *
You start removing your armour.
You continue taking off your +2 robe.
You are engulfed in roaring flames.
You die...

#### ##§≈§≈§### ##≈≈###
###≈§§≈≈§≈§### ##≈≈≈≈§###
######§§≈≈§≈≈§§§≈§#
##≈§≈≈≈≈§≈###§§##≈§§§≈§§≈≈≈§≈≈§
##≈≈≈§≈≈≈§≈≈≈≈§§§§≈§§≈§≈§≈§≈≈≈≈§
#≈≈≈§§≈≈≈§§§§§§§§§≈≈§§≈≈§≈§≈≈≈≈≈
##§≈§≈§#######################§
#≈§§§..#§§...§§§§§§.§..#.....#§
####§..'§###+#@#####§#.'.∩.∩.#≈
##..#..#....§)#)..#.#.....#≈
##.##'################'###§
###...#......≈♣♣≈≈#.....#≈
########.∩.'..)...≈§♣≈≈#.).).#≈
#....'.....#........≈..#.....#≈
#.############################≈
#.#...)[..'.# #≈§§≈≈§≈≈≈≈§≈
#.#.[[[...#.# ###≈≈≈≈§≈≈≈§§


There were no monsters in sight!

Vanquished Creatures
  Gastronok (Lair:2)
  2 hydras
  Pikel (D:4)
  A black mamba (Lair:1)
  3 toenail golems (Volcano)
  The ghost of herpmino the Chiller, a novice DgIE (D:5)
  3 spiny frogs
  2 komodo dragons
  7 blink frogs (Lair:1)
  A two-headed ogre (D:8)
  Grinder (D:5)
  A wyvern (D:8)
  13 yaks
  A basilisk (Lair:1)
  6 humans (Volcano)
  7 hippogriffs
  An orc warrior (D:8)
  3 water moccasins
  An ice beast (D:6)
  3 ogres
  A necrophage (D:7)
  14 wolves
  3 centaurs
  4 crocodiles
  A big kobold (D:7)
  9 giant frogs
  3 killer bees (D:5)
  3 crimson imps
  A wasp zombie (D:7)
  2 hounds
  An orc priest (D:6)
  2 centaur zombies
  Crazy Yiuf (D:2)
  2 orc wizards
  A giant frog skeleton (D:4)
  5 iguanas
  2 worker ants
  5 sheep (Lair:1)
  A hound zombie (D:6)
  3 gnolls (D:2)
  8 adders
  12 river rats
  A shadow imp (D:7)
  An ooze (D:1)
  4 worms
  A dart slug (D:2)
  3 giant geckos
  9 orcs
  2 ball pythons
  8 giant cockroaches
  6 goblins
  8 hobgoblins
  8 jackals
  11 kobolds
  3 quokkas
  8 bats
  A giant gecko skeleton (D:4)
  4 giant newts
  A jackal skeleton (D:7)
  7 rats
  2 fungi
231 creatures vanquished.

Vanquished Creatures (others)
  A slave (D:5)
  A giant cockroach (D:5)
  A plant (Lair:1)
3 creatures vanquished.

Grand Total: 234 creatures vanquished

Notes
Turn   | Place    | Note
--------------------------------------------------------------
     0 | D:1      | Hipnos the Spriggan Enchanter began the quest for the Orb.
     0 | D:1      | Reached XP level 1. HP: 9/9 MP: 5/5
   423 | D:1      | Reached XP level 2. HP: 13/13 MP: 7/7
   564 | D:1      | Reached skill level 4 in Hexes
   684 | D:1      | Learned a level 2 spell: Ensorcelled Hibernation
   734 | D:1      | Reached skill level 5 in Stealth
   898 | D:2      | Reached XP level 3. HP: 12/16 MP: 3/8
   928 | D:1      | Learned a level 3 spell: Confuse
  2243 | D:2      | Reached XP level 4. HP: 17/21 MP: 9/9
  2318 | D:2      | Reached skill level 5 in Hexes
  2447 | D:2      | Noticed Crazy Yiuf
  2453 | D:2      | Killed Crazy Yiuf
  2695 | D:2      | Reached XP level 5. HP: 24/24 MP: 11/11
  3614 | D:3      | Found a shattered altar of Ashenzari.
  3617 | D:3      | Found a burning altar of Makhleb.
  3630 | D:3      | Became a worshipper of Ashenzari the Shackled
  3763 | D:4      | Found a shadowy altar of Dithmenos.
  3832 | D:4      | Got the uncursed buckler of the Republic {rPois rF++ rCorr Slay-3}
  4126 | D:5      | Entered Level 5 of the Dungeon
  4126 | D:5      | Noticed Pikel
  4126 | D:5      | Noticed a slave
  4126 | D:5      | Noticed a slave
  4126 | D:5      | Noticed a slave
  4126 | D:5      | Noticed a slave
  4145 | D:4      | Killed Pikel
  4145 | D:4      | Reached skill level 1 in Fighting
  4145 | D:4      | Reached skill level 5 in Dodging
  4145 | D:4      | Reached skill level 1 in Shields
  4145 | D:4      | Reached skill level 5 in Spellcasting
  4145 | D:4      | Reached skill level 7 in Hexes
  4145 | D:4      | Reached XP level 6. HP: 16/30 MP: 2/14
  4145 | D:4      | Reached XP level 7. HP: 18/33 MP: 2/15
  4307 | D:5      | Noticed Grinder
  4308 | D:5      | Paralysed by Grinder for 2 turns
  4337 | D:5      | Killed Grinder
  4337 | D:5      | Reached skill level 8 in Hexes
  4356 | D:5      | Noticed herpmino's ghost (novice DgIE)
  4416 | D:5      | Killed herpmino's ghost
  4416 | D:5      | Reached XP level 8. HP: 31/37 MP: 12/18
  4563 | D:5      | Reached * piety under Ashenzari
  4597 | D:5      | Found a stormy altar of Qazlal.
  4598 | D:5      | Found a glowing silver altar of Zin.
  4677 | D:5      | Found Ynudd's Assorted Antiques.
  4726 | D:5      | Reached skill level 9 in Hexes
  4825 | D:5      | Found an oddly glowing altar of Pakellas.
  4859 | D:5      | Reached skill level 10 in Hexes
  4981 | D:5      | Reached XP level 9. HP: 41/41 MP: 21/21
  5549 | D:6      | Found a staircase to the Ecumenical Temple.
  5792 | D:6      | Found Alleruk's Serpentskin Sales.
  5931 | D:6      | Identified the -4 buckler of the Republic {rPois rF++ rCorr Slay-3} (You found it on level 4 of the Dungeon)
  5945 | D:7      | Reached skill level 11 in Hexes
  6010 | D:7      | Reached ** piety under Ashenzari
  6182 | D:7      | Found a radiant altar of Vehumet.
  6480 | D:8      | Noticed a five-headed hydra
  6502 | D:8      | Killed a five-headed hydra
  6502 | D:8      | Reached skill level 12 in Hexes
  6502 | D:8      | Reached XP level 10. HP: 46/46 MP: 16/23
  6626 | D:8      | Found a staircase to the Lair.
  7030 | Lair:1   | Entered Level 1 of the Lair of Beasts
  7061 | Lair:1   | Noticed a black mamba
  7073 | Lair:1   | Reached skill level 13 in Hexes
  7108 | Lair:1   | Noticed a spiny frog
  7111 | Lair:1   | Killed a black mamba
  7128 | Lair:1   | Killed a spiny frog
  7317 | Lair:1   | Reached *** piety under Ashenzari
  7450 | Lair:1   | Reached skill level 14 in Hexes
  7645 | Lair:1   | Reached skill level 5 in Short Blades
  7674 | Lair:1   | Reached XP level 11. HP: 50/50 MP: 17/24
  8282 | Lair:2   | Reached **** piety under Ashenzari
  8349 | Lair:2   | Noticed Gastronok
  8750 | Lair:2   | Killed Gastronok
  8750 | Lair:2   | Reached skill level 15 in Hexes
  8760 | Lair:2   | Noticed a four-headed hydra
  8775 | Lair:2   | Killed a four-headed hydra
  9385 | Lair:3   | Reached skill level 10 in Dodging
  9607 | Lair:3   | Identified the +9 mace "Elekei" {holy, Dex+2}
  9790 | Lair:3   | Reached skill level 16 in Hexes
  9797 | Lair:3   | Found a dark tunnel.
  9802 | Volcano  | Entered a volcano
  9839 | Volcano  | Reached ***** piety under Ashenzari
  9867 | Volcano  | Reached skill level 10 in Spellcasting
  9962 | Volcano  | Learned a level 3 spell: Dazzling Spray
 10241 | Volcano  | Engulfed by a cloud of flame

Skill      XL: |  1  2  3  4  5  6  7  8  9 10 11 |
---------------+----------------------------------+-----
Spellcasting   | 3 5 6 7 8 10 | 10.1
Hexes          | 4 5 7 8 10 12 14 16 | 16.3
Stealth        | 5 |  5.0
Dodging        | 4 5 6 7 9 10 | 10.2
Fighting       | 1 2 |  2.7
Short Blades   | 2 4 5 |  5.0
Shields        | 1 2 3 |  3.8

Action                   |  1- 3 |  4- 6 |  7- 9 | 10-12 || total
-------------------------+-------+-------+-------+-------++-------
Melee: Dagger            |   155 |   105 |   346 |   468 ||  1074
 Cast: Ensorcelled Hiber |     5 |       |       |       ||     5
       Confuse           |    17 |    22 |    69 |    92 ||   200
       Dazzling Spray    |       |       |       |    19 ||    19
Invok: Curse Item        |       |     3 |     1 |       ||     4
  Use: Scroll            |     8 |     5 |     7 |    10 ||    30
       Potion            |     1 |       |       |       ||     1
 Stab: Sleeping          |    14 |    10 |     6 |    17 ||    47
       Confused          |     5 |    15 |    56 |    62 ||   138
       Distracted        |       |       |     1 |     2 ||     3
  Eat: Bread ration      |     1 |       |     1 |       ||     2
       Fruit             |       |       |       |     1 ||     1
Armor: Robe              |    18 |    14 |    16 |    18 ||    66
Dodge: Dodged            |   143 |    63 |    96 |   175 ||   477
Block: Buckler           |       |    10 |    30 |    60 ||   100
